 Dungeon Crawl Stone Soup version 0.28.0 (webtiles) character file.

Game seed: 9159830944671003309

30 Strat the Magician (level 3, 0/18 HPs)
             Began as a Vine Stalker Hedge Wizard on Feb 14, 2022.
             Succumbed to an adder's poison
             ... on level 2 of the Dungeon.
             The game lasted 00:01:57 (1629 turns).

Strat the Magician (Vine Stalker Hedge Wizard)      Turns: 1629, Time: 00:01:57

Health: 0/18       AC:  5    Str: 14    XL:     3   Next: 18%
Magic:  1/8        EV: 10    Int: 14    God:
Gold:   61         SH:  0    Dex: 13    Spells: 7/8 levels left

rFire   . . .      SeeInvis .   a - +0 dagger
rCold   . . .      Faith    .   (no shield)
rNeg    . . .      Spirit   +   g - +0 ring mail
rPois   .          Reflect  .   c - +0 hat
rElec   .          Harm     .   (no cloak)
rCorr   .          Rampage  .   (no gloves)
Will    .....                   (no boots)
Stlth   +.........              (no amulet)
HPRegen 0.06/turn               (no ring)
MPRegen 0.11/turn               (no ring)

@: lethally poisoned (0 -> -2)
A: fangs 2, magic shield, antimagic bite, no potion heal 2
a: no special abilities


You were on level 2 of the Dungeon.
You visited 1 branch of the dungeon, and saw 2 of its levels.

You collected 61 gold pieces.

Inventory:

Hand Weapons
 a - a +0 dagger (weapon)
 f - a +0 hunting sling
 i - a +0 rapier
Missiles
 h - 33 stones
Armour
 b - a +0 robe
 c - a +0 hat (worn)
 g - a +0 ring mail (worn)
Scrolls
 d - a scroll of immolation {unknown}
 e - 2 scrolls of identify {unknown}
 j - a scroll of teleportation {unknown}


   Skills:
 + Level 1.6 Fighting
 + Level 1.6 Short Blades
 - Level 1.5 Dodging
 - Level 2.4 Stealth
 - Level 3.2 Spellcasting
 - Level 1.0 Conjurations
 - Level 1.0 Summonings
 - Level 1.0 Translocations


You had 7 spell levels left.
You knew the following spells:

 Your Spells              Type           Power      Damage    Failure   Level
a - Magic Dart            Conj           20%        1d4       28%         1

Your spell library contained the following spells:

 Spells                   Type           Power      Damage    Failure   Level
 Slow                     Hex            8%         N/A       41%         1
 Blink                    Tloc           10%        N/A       41%         2
 Call Imp                 Summ           5%         N/A       41%         2
 Conjure Flame            Conj/Fire      3%         6-21      71%         3
 Mephitic Cloud           Conj/Pois/Air  3%         N/A       75%         3


Dungeon Overview and Level Annotations

Branches:
Dungeon (2/15)

Altars:

Annotations:
D:2 Natasha


Innate Abilities, Weirdness & Mutations

You have extremely sharp teeth.
When hurt, damage is shared between your health and your magic reserves.
Your bite disrupts and absorbs the magic of your enemies.
Potions cannot restore your health.


Message History

The ball python constricts you.
Casting: Magic Dart (safe; 28% risk of failure)
Confirm with . or Enter, or press ? or * to list all spells.
Aiming: Magic Dart (safe; 28% risk of failure)
Press: ? - help, Shift-Dir - straight line, f/p - adder
Aim: an adder (lightly wounded, 100% to hit)
You miscast Magic Dart.
You are very lightly contaminated with residual magic.
Nothing appears to happen.
The adder bites you but does no damage. The ball python barely misses you.
The ball python constricts you.
You barely miss the adder. Your bite misses the adder.
The adder is lightly wounded.
The adder barely misses you. The ball python completely misses you.
The ball python constricts you.
You hit the adder. Your bite misses the adder.
The adder is moderately wounded.
The adder bites you.
* * * LOW HITPOINT WARNING * * *
The ball python bites you.
* * * LOW HITPOINT WARNING * * *
The ball python constricts you. The rat misses you.
The adder bites you but does no damage.
You escape the ball python's grasp.
The rat closely misses you. The adder bites you.
* * * LOW HITPOINT WARNING * * *
You are poisoned.
The adder poisons you!
* * * LOW HITPOINT WARNING * * *
You feel sick. The rat bites you.
You feel sick.
You feel sick. The adder completely misses you. The ball python bites you.
* * * LOW HITPOINT WARNING * * *
The ball python grabs you. The ball python constricts you.
* * * LOW HITPOINT WARNING * * *
You escape the ball python's grasp.
A giant cockroach comes into view.
* * * LOW HITPOINT WARNING * * *
You feel sick.
Your magical contamination has completely faded away.
You die...

.. ....... ...
#.....B....# ##.#### #
##..........# #.....##.#
#.$........!# .......#.#
#.#........## .......[.#
#...........# .........##
#...........###
....(.....##
#..Sr..........
h.......)..#
#.@..<........#
w.......##. #...S.......#
........# #....#........##
........#....#.###...<..##
............ #. ########
.####..#.### .. .. ?##..#
### ..# .# .# ..# .# .


You could see an adder, a giant cockroach, a ball python and a rat.

Vanquished Creatures
  3 bats (D:1)
  2 endoplasms (D:1)
  3 giant cockroaches (D:1)
  3 goblins (D:1)
  3 hobgoblins (D:1)
  4 kobolds (D:1)
  A quokka (D:1)
  2 ball pythons (D:1)
  A frilled lizard (D:1)
  5 rats
27 creatures vanquished.

Notes
Turn   | Place    | Note
-------+----------+-------------------------------------------
     0 | D:1      | Strat the Vine Stalker Hedge Wizard began the quest for the
                  | Orb.
     0 | D:1      | Reached XP level 1. HP: 9/9 MP: 5/5
   335 | D:1      | Reached XP level 2. HP: 14/14 MP: 7/7
   361 | D:1      | Reached skill level 1 in Fighting
   373 | D:1      | Reached skill level 1 in Short Blades
   841 | D:1      | Found a faded altar of an unknown god.
   849 | D:1      | Reached XP level 3. HP: 18/18 MP: 8/8
  1334 | D:2      | Noticed Natasha
  1629 | D:2      | Succumbed to an adder's poison

Illustrated notes

Levels and vault maps discovered:
D:1:      dpeg_arrival_three_smaller_balls, layout_loops_corners,
          ebering_ecumenical_altar_abandoned, st_stairs_4, minmay_tetromino_l2
D:2:      layout_rooms, uniq_natasha

Skill      XL: |  1  2 |
---------------+-------+-----
Fighting       | 1 |  1.6
Short Blades   | 1 |  1.6
Dodging        | |  1.5
Stealth        | |  2.4
Spellcasting   | |  3.2
Conjurations   | |  1.0
Summonings     | |  1.0
Translocations | |  1.0

Action                   || total
-------------------------++-------
Melee: Dagger            ||    79
       Bite              ||    18
 Cast: Magic Dart        ||     2
 Stab: Sleeping          ||     6
Armor: Robe              ||     3
       Ring mail         ||    35
Dodge: Dodged            ||    50
